 Dungeon Crawl Stone Soup version 0.22-a0-305-gd21a89c (webtiles) character file.

47665 4thArraOfDagon the Destroyer (level 13, -3/106 (107) HPs)
             Began as a Demigod Necromancer on Mar 30, 2018.
             Slain by an eight-headed hydra (17 damage)
             ... on level 6 of the Lair of Beasts on Mar 31, 2018.
             The game lasted 01:18:41 (12965 turns).

4thArraOfDagon the Destroyer (Demigod Necromancer) Turns: 12965, Time: 01:18:42

HP:   -3/106 (107)  AC:  9    Str: 11    XL:     13   Next: 72%
MP:   27/37         EV: 18    Int: 27    God:
Gold: 1037          SH:  0    Dex: 16    Spells: 8/26 levels left

rFire    + . .     SeeInvis .   J - staff of energy {!a}
rCold    + + .     Gourm    .   (no shield)
rNeg     . . .     Faith    .   a - +1 robe {rC+}
rPois    +         Spirit   .   K - +0 helmet of Absolutism {rF+ Stlth+}
rElec    .         Reflect  .   S - +2 cloak {rPois}
rCorr    .         Harm     .   V - +0 pair of gloves
MR       +....                  (no boots)
Stlth    +++.......             n - amulet of rage
HPRegen  0.27/turn              H - ring of magical power
MPRegen  0.25/turn              A - ring of protection from cold

@: no status effects
A: high mp 1
a: Evoke Berserk Rage


You were on level 6 of the Lair of Beasts.
You were not hungry.

You visited 3 branches of the dungeon, and saw 22 of its levels.
You also visited: Labyrinth, Sewer and Ossuary.

You collected 1419 gold pieces.
You spent 382 gold pieces at shops.

Inventory:

Hand Weapons
 r - the +7 hand axe "Begre" {protect, rF++ MR+}
   (You found it on level 4 of the Dungeon)

   It protects the one who uses it against injury (+AC on strike).
   It greatly protects you from fire.
   It affects your resistance to hostile enchantments.
 Q - the +1 glaive of Zemayr {chop, +Blink rElec rN+++ Dex-2}
   (You found it in a labyrinth)

   It inflicts extra damage upon your enemies.
   It affects your dexterity (-2).
   It insulates you from electricity.
   It renders you almost immune to negative energy.
   It lets you blink.
Missiles
 R - a throwing net (quivered)
Armour
 a - a +1 robe of cold resistance (worn)
 F - a +0 buckler of cold resistance
 K - the +0 helmet of Absolutism (worn) {rF+ Stlth+}
   (You acquired it on level 2 of the Orcish Mines)

   It protects you from fire.
   It makes you more stealthy.
 S - a +2 cloak of poison resistance (worn)
 V - a +0 pair of gloves (worn)
 Z - the +8 chain mail of Joy {rN+ MR- Regen+ Dex+2}
   (You found it on level 13 of the Dungeon)

   It affects your dexterity (+2).
   It protects you from negative energy.
   It affects your resistance to hostile enchantments.
   It increases your rate of regeneration.
Magical Staves
 k - an uncursed staff of conjuration {!a}
 v - an uncursed staff of wizardry {!a}
 x - an uncursed staff of cold
 J - an uncursed staff of energy (weapon) {!a}
 T - an uncursed staff of fire
Jewellery
 n - an amulet of rage (around neck)
 A - a ring of protection from cold (right hand)
 D - an uncursed ring of flight
 H - a ring of magical power (left hand)
 W - an uncursed ring of positive energy
Wands
 s - a wand of acid (9)
 B - a wand of clouds (2)
 C - a wand of paralysis (10)
 E - a wand of iceblast (22)
 G - a wand of enslavement (8)
 I - a wand of disintegration (13)
 L - a wand of digging (60)
 X - a wand of polymorph (19)
Scrolls
 e - a scroll of enchant armour
 g - 5 scrolls of fear
 j - 3 scrolls of vulnerability
 l - 6 scrolls of teleportation
 m - 4 scrolls of remove curse
 o - 4 scrolls of enchant weapon
 q - 2 scrolls of immolation
 y - 2 scrolls of amnesia
 P - 2 scrolls of blinking
 U - a scroll of fog
 Y - a scroll of magic mapping
Potions
 b - 3 potions of agility
 d - a potion of berserk rage
 f - 4 potions of resistance
 h - 4 potions of flight
 i - 4 potions of cancellation
 p - 2 potions of might
 t - 3 potions of ambrosia
 u - 5 potions of brilliance
 w - 4 potions of curing
 z - 4 potions of heal wounds
 M - 4 potions of haste
Comestibles
 c - 36 rations
 N - 4 chunks of flesh


   Skills:
 - Level 8.0 Fighting
 - Level 6.0 Armour
 - Level 8.0 Dodging
 - Level 1.7 Stealth
 + Level 7.2 Spellcasting
 + Level 11.1 Conjurations
 - Level 10.0 Necromancy
 - Level 10.1 Evocations


You had 8 spell levels left.
You knew the following spells:

 Your Spells              Type           Power        Failure   Level  Hunger
a - Pain                  Necr           ####         1%          1    None
b - Vampiric Draining     Necr           ######....   1%          3    None
c - Regeneration          Chrm/Necr      #####.....   2%          3    None
d - Animate Dead          Necr           N/A          1%          4    None
e - Iskenderun's Mystic   Conj           ######..     1%          4    None
f - Conjure Flame         Conj/Fire      #####...     1%          3    None


Dungeon Overview and Level Annotations

Branches:
Dungeon (14/15)            Temple (0/1) D:6            Lair (6/6) D:8
 Shoals (0/4) Lair:2        Snake (0/4) Lair:3          Orc (2/2) D:10
  Slime: Lair:5-6       Elf: Orc:2       Vaults: D:13-14

Shops:
D:4 [   D:10 *   D:11 [   Orc:2 }(}=

Annotations:
D:7 Uhlv's ghost, novice MiBe
D:13 Azrael
Lair:1 Karim's ghost, journeyman GnEE; wayreth's ghost, novice DsGl


Innate Abilities, Weirdness & Mutations

You have an increased reservoir of magic. (+10% MP)


Message History

* * * LOW HITPOINT WARNING * * *
The eight-headed hydra bites you.
* * * LOW HITPOINT WARNING * * *
The eight-headed hydra closely misses you.
The eight-headed hydra completely misses you.
The eight-headed hydra barely misses you. x2
The eight-headed hydra misses you. The eight-headed hydra bites you.
* * * LOW HITPOINT WARNING * * *
Your rime drake skeleton bites the tyrant leech but does no damage.
Unknown command.
Unknown command.
Unknown command.
Casting: Vampiric Draining (safe; 1% risk of failure)
Confirm with . or Enter, or press ? or * to list all spells.
Aiming: Vampiric Draining (safe; 1% risk of failure)
Press: ? - help, Shift-Dir - straight line, f/p - eight-headed hydra
Aim: an eight-headed hydra (severely wounded)
The eight-headed hydra is severely wounded.
You feel life coursing into your body. The eight-headed hydra bites you!
You die...

. ###.....
#..=..#...#.#.....
#...P.............
#.#.P............P
#..............#..
#............P.#P.
#.............#...
#.................
#@.............P..
#D....P.P#...PP...
#w.....#####...#..
#Z......#.##......
#Z........#.......
#............#....
#...........#†...#
...................
...#................


You could see an eight-headed hydra, a tyrant leech, a friendly fire dragon
zombie and a friendly rime drake skeleton.

Vanquished Creatures
  An orc warlord (Orc:2)
  A minotaur (Lab)
  A fire dragon (Lair:6)
  Harold (D:12)
  A hydra (Lair:5)
  Fannar (D:10)
  Erica (D:8)
  4 two-headed ogres
  4 orc high priests (Orc:2)
  Nergalle (D:12)
  An unseen horror (D:14)
  A swamp dragon (Lair:6)
  A lindwurm (Lair:3)
  5 orc knights
  2 orc sorcerers
  A cyclops (Orc:1)
  2 ugly things
  Joseph (D:7)
  4 black mambas
  A centaur skeleton (D:11)
  A gargoyle (Lab)
  6 spiny frogs
  A kobold demonologist (D:11)
  4 rime drakes
  8 komodo dragons
  A minotaur skeleton (Lab)
  A troll (Orc:2)
  3 polar bears (Lair:4)
  14 blink frogs
  A hornet (D:12)
  5 dream sheep (Lair:6)
  5 hippogriffs
  A wraith (D:14)
  4 yaks (D:8)
  3 wyverns
  4 hogs (D:7)
  A human (D:7)
  A steam dragon (D:12)
  Grum (D:11)
  6 wargs
  3 nagas (Lair:3)
  5 porcupines
  4 swamp drakes (Lair:6)
  29 orc warriors
  Purgy (Sewer)
  A black bear (D:11)
  5 water moccasins
  3 phantoms
  A sky beast (D:6)
  12 wolves
  A necrophage (D:10)
  13 ogres
  13 centaurs
  15 crocodiles
  7 big kobolds (D:11)
  Blork the orc (D:5)
  13 bullfrogs
  A wyvern skeleton (D:10)
  4 scorpions
  9 killer bees
  3 wights (D:11)
  3 crimson imps
  5 hounds
  3 jellies
  3 bullfrog skeletons
  22 orc priests
  3 iguanas
  11 orc wizards
  9 worker ants
  2 big kobold zombies (Ossuary)
  2 hound skeletons
  8 mummies (Ossuary)
  2 worker ant zombies
  A howler monkey skeleton (D:4)
  10 adders
  4 shadow imps
  2 oozes
  4 worms
  5 dart slugs
  A leopard gecko (D:4)
  94 orcs
  3 giant cockroaches
  9 goblins
  14 hobgoblins
  6 jackals
  11 kobolds
  5 quokkas
  2 ball pythons
  7 bats
  4 frilled lizards
  3 gnoll zombies (Ossuary)
  2 kobold zombies (Ossuary)
  An orc zombie (Ossuary)
  A quokka zombie (D:6)
  9 rats
  A fungus (Lair:3)
522 creatures vanquished.

Vanquished Creatures (collateral kills)
  A cyclops (Orc:1)
  2 centaur skeletons
  A spiny frog (Lair:6)
  A hippogriff (D:13)
  2 yaks (D:8)
  A basilisk (Lair:6)
  Duvessa (D:4)
  A water moccasin (Lair:6)
  An orc warrior (Orc:2)
  Dowan (D:4)
  A killer bee (D:8)
  A wight (D:11)
  A quasit (D:11)
  3 hounds
  4 orc priests
  3 orc wizards
  An iguana (D:8)
  6 orcs
  A giant cockroach (D:4)
  2 plants
35 creatures vanquished.

Vanquished Creatures (others)
  A crocodile (Lair:6)
  2 orc wizards (Orc:2)
  2 bushes (Lair:6)
  14 fungi
  28 plants
47 creatures vanquished.

Grand Total: 604 creatures vanquished

Notes
Turn   | Place    | Note
-------+----------+-------------------------------------------
     0 | D:1      | 4thArraOfDagon the Demigod Necromancer began the quest for the Orb.
     0 | D:1      | Reached XP level 1. HP: 14/14 MP: 5/5
   218 | D:1      | Reached XP level 2. HP: 2/20 MP: 1/7
   441 | D:2      | Found a shadowy altar of Dithmenos.
   587 | D:3      | HP: 1/20 [adder (3)]
   617 | D:3      | Reached XP level 3. HP: 3/26 MP: 5/9
   622 | D:3      | Learned a level 3 spell: Vampiric Draining
   760 | D:4      | Found a glowing drain.
   761 | D:4      | Noticed an ogre
   764 | Sewer    | Entered a sewer
   838 | Sewer    | Noticed Purgy
   857 | Sewer    | Killed Purgy
   857 | Sewer    | Reached skill level 5 in Necromancy
   857 | Sewer    | Reached XP level 4. HP: 16/33 MP: 1/11
   879 | Sewer    | Learned a level 3 spell: Regeneration
  1120 | D:3      | Reached XP level 5. HP: 21/38 MP: 3/12
  1326 | D:2      | Found a basalt altar of Yredelemnul.
  1326 | D:2      | Found a deep blue altar of Sif Muna.
  1381 | D:2      | Found a shattered altar of Ashenzari.
  1551 | D:3      | Found a hide-covered altar of Uskayaw.
  1671 | D:4      | Killed an ogre
  1671 | D:4      | Reached XP level 6. HP: 38/45 MP: 7/13
  1677 | D:4      | Learned a level 4 spell: Animate Dead
  1693 | D:4      | Got a faintly glowing hand axe
  1694 | D:4      | Identified the +7 hand axe "Begre" {protect, rF++ MR+} (You found it on level 4 of the Dungeon)
  1840 | D:4      | Noticed Dowan
  1842 | D:4      | Noticed Duvessa
  1852 | D:4      | Killed Duvessa
  1862 | D:4      | Killed Dowan
  1876 | D:4      | Found Yxiloij's Armour Shop.
  1911 | D:4      | Reached XP level 7. HP: 40/50 MP: 6/14
  2094 | D:5      | Entered Level 5 of the Dungeon
  2136 | D:5      | Found a sparkling altar of Nemelex Xobeh.
  2326 | D:5      | Noticed Blork the orc
  2339 | D:5      | Killed Blork the orc
  2597 | D:6      | Found a radiant altar of Vehumet.
  2601 | D:6      | Found a staircase to the Ecumenical Temple.
  2863 | D:6      | HP: 2/50 [ogre/giant club (24)]
  2967 | D:7      | Reached XP level 8. HP: 54/57 MP: 10/15
  2999 | D:7      | Noticed Uhlv's ghost (novice MiBe)
  3068 | D:8      | Found a snail-covered altar of Cheibriados.
  3071 | D:8      | Noticed Erica
  3102 | D:8      | Reached skill level 10 in Necromancy
  3118 | D:8      | Reached skill level 1 in Fighting
  3129 | D:8      | Reached XP level 9. HP: 29/71 MP: 2/16
  3229 | D:8      | Found a sand-covered staircase.
  3234 | Ossuary  | Entered an ossuary
  3557 | D:8      | Noticed a komodo dragon
  3574 | D:8      | Reached skill level 5 in Dodging
  3664 | D:7      | Reached skill level 5 in Fighting
  3711 | D:7      | Found an opulent altar of Gozag.
  3794 | D:7      | Noticed Joseph
  3873 | D:7      | Killed Joseph
  4093 | D:8      | Killed Erica
  4093 | D:8      | Reached XP level 10. HP: 66/84 MP: 1/17
  4172 | D:8      | Found a staircase to the Lair.
  4505 | D:9      | Found a shadowy altar of Dithmenos.
  4572 | D:9      | Found a glowing silver altar of Zin.
  4608 | D:10     | Entered Level 10 of the Dungeon
  4640 | D:10     | Learned a level 4 spell: Iskenderun's Mystic Blast
  4917 | D:10     | Found Kiewkilu's Assorted Antiques.
  4924 | D:10     | Bought a scroll labeled YDOUHO CANUINN for 27 gold pieces
  4924 | D:10     | Bought a scroll labeled YDOUHO CANUINN for 27 gold pieces
  5004 | D:10     | Reached skill level 1 in Conjurations
  5132 | D:10     | Reached skill level 2 in Conjurations
  5287 | D:10     | Bought a glowing yellow potion for 24 gold pieces
  5331 | D:11     | Found Pocrae's Antique Armour Emporium.
  5340 | D:11     | Bought a fine chain mail for 304 gold pieces
  5350 | D:11     | Identified the +3 chain mail of Rotation {Int+5} (You bought it in a shop on level 11 of the Dungeon)
  5443 | D:11     | Reached skill level 1 in Evocations
  5586 | D:12     | Noticed a two-headed ogre
  5590 | D:12     | Killed a two-headed ogre
  5590 | D:12     | Reached skill level 1 in Armour
  5590 | D:12     | Reached skill level 3 in Conjurations
  5762 | D:12     | Noticed a green ugly thing
  5794 | D:12     | Killed a green ugly thing
  6047 | D:12     | Noticed Nergalle
  6053 | D:12     | Killed Nergalle
  6081 | D:12     | Noticed Harold
  6098 | D:12     | Reached XP level 11. HP: 62/93 MP: 1/19
  6099 | D:12     | Killed Harold
  6099 | D:12     | Reached skill level 4 in Conjurations
  6314 | D:13     | Found a labyrinth entrance.
  6356 | D:13     | Reached skill level 5 in Evocations
  6380 | Lab      | Entered a labyrinth
  6746 | Lab      | Noticed a minotaur
  6758 | Lab      | Sergey: hello
  6765 | Lab      | Killed a minotaur
  6768 | Lab      | 4thArraOfDagon: hey!
  6771 | Lab      | Thaneod: ni hao
  6780 | Lab      | Got a crude glaive
  6780 | Lab      | Got a brightly glowing tin ring
  6786 | Lab      | Identified the +1 glaive of Zemayr {chop, +Blink rElec rN+++ Dex-2} (You found it in a labyrinth)
  6792 | Lab      | Identified the ring "Songir" {*Tele *Slow rF+ Stlth+} (You found it in a labyrinth)
  6819 | D:13     | Noticed an orc knight
  6850 | D:13     | Noticed Azrael
  6897 | D:14     | Killed an unseen horror
  6897 | D:14     | Reached skill level 5 in Conjurations
  6968 | D:14     | Identified the +1 hand crossbow "Losuphu" {penet, rElec rC+ Dex-2} (You found it on level 14 of the Dungeon)
  7012 | D:14     | Sergey: I wanted to get some troll combo hs, but almost all of them are yours (
  7046 | D:14     | Sergey: and very high
  7114 | D:13     | Killed an orc knight
  7145 | D:13     | Got a translucent chain mail
  7163 | D:12     | Identified the +8 chain mail of Joy {rN+ MR- Regen+ Dex+2} (You found it on level 13 of the Dungeon)
  7217 | D:11     | Noticed a sun demon
  7368 | D:11     | Noticed Grum
  7410 | D:11     | Killed Grum
  7433 | D:11     | Noticed a two-headed ogre
  7445 | D:11     | Killed a two-headed ogre
  7448 | D:11     | Reached skill level 5 in Armour
  7542 | D:11     | Thaneod: :)
  7563 | D:11     | Thaneod: !hs trsu
  7582 | D:10     | beem: No games for trsu (sc<1000000000).
  7590 | D:10     | Thaneod: troll summoner
  7595 | D:10     | Thaneod: ?
  7611 | D:10     | Found a roughly hewn altar of Beogh.
  7611 | D:10     | Found a staircase to the Orcish Mines.
  7709 | Orc:1    | Entered Level 1 of the Orcish Mines
  7709 | Orc:1    | Noticed Fannar
  7723 | D:10     | Killed Fannar
  7725 | D:10     | Sergey: !hs * TrSu
  7727 | D:10     | beem: 1227. 4thArraOfDagon the Wrestler (L27 TrSu of Cheibriados), escaped with the Orb and 15 runes on 2015-12-23 23:30:10, with 50844474 points after 28486 turns and 4:59:13.
  7746 | D:10     | Sergey: 28k turns
  7766 | D:10     | Sergey: almost impossible for me
  7778 | Orc:1    | Reached skill level 6 in Conjurations
  7804 | Orc:1    | Thaneod: ough
  7827 | Orc:1    | Thaneod: !hs * GrSu
  7832 | Orc:1    | beem: 2040. kroki the Axe Maniac (L27 GrSu of Makhleb), escaped with the Orb and 15 runes on 2015-02-16 23:51:21, with 18110353 points after 85040 turns and 7:13:50.
  7876 | Orc:1    | Thaneod: from 2015:)
  7887 | Orc:1    | Reached XP level 12. HP: 51/100 MP: 15/21
  7939 | Orc:2    | Entered Level 2 of the Orcish Mines
  8387 | Orc:2    | Found a roughly hewn altar of Beogh.
  8502 | Orc:2    | Found Tyakhuci's Gadget Emporium.
  8537 | Orc:2    | Found Guanomah's Weapon Shoppe.
  8567 | Orc:2    | Reached skill level 7 in Conjurations
  9108 | Orc:2    | Thaneod: reg!
  9146 | Orc:2    | Noticed an orc warlord
  9181 | Orc:2    | Killed an orc warlord
  9181 | Orc:2    | Reached skill level 10 in Evocations
  9241 | Orc:2    | Found a roughly hewn altar of Beogh.
  9413 | Orc:2    | Reached skill level 8 in Conjurations
  9433 | Orc:2    | Found Ditrigot's Gadget Emporium.
  9775 | Orc:2    | Found Liokur's Jewellery Shoppe.
  9856 | Orc:2    | Got an encrusted helmet
  9862 | Orc:2    | Identified the +0 helmet of Absolutism {rF+ Stlth+} (You acquired it on level 2 of the Orcish Mines)
  9883 | Orc:2    | Got a pitted buckler
  9889 | Orc:2    | Identified the +4 buckler of Time Monsters {rPois Str+2} (You acquired it on level 2 of the Orcish Mines)
 10036 | D:8      | Reached skill level 9 in Conjurations
 10081 | Lair:1   | Entered Level 1 of the Lair of Beasts
 10155 | Lair:1   | Noticed Karim's ghost (journeyman GnEE)
 10358 | Lair:1   | Noticed wayreth's ghost (novice DsGl)
 10370 | Lair:2   | Reached XP level 13. HP: 84/106 MP: 24/24
 10800 | Lair:3   | Learned a level 3 spell: Conjure Flame
 10814 | Lair:3   | Found a staircase to the Snake Pit.
 10916 | Lair:3   | Reached skill level 5 in Spellcasting
 10965 | Lair:2   | Found a staircase to the Shoals.
 11267 | Lair:4   | Found a shadowy altar of Dithmenos.
 11337 | Lair:4   | Reached skill level 10 in Conjurations
 12067 | Lair:6   | Entered Level 6 of the Lair of Beasts
 12762 | Lair:6   | Reached skill level 11 in Conjurations
 12965 | Lair:6   | Slain by an eight-headed hydra

Vault maps used:
D:1:      evilmike_arrival_rings, minmay_misc_feat_nine_boxes
D:2:      lemuel_coloured_pillars_altar, grunt_temple_overflow_open,
          first_ration, minivault_14, grunt_dithmenos_smoke_and_mirrors
D:3:      eat_drink_and_be_merry_uskayaw, kennysheep_jessica_study
D:4:      serial_shops, shop, cheibrodos_sewer_entry_sluice, uniq_duvessa
D:5:      nemelex_xobeh_ov_fountains_minmay, serial_bayou_crossing,
          uniq_crazy_yiuf_cottage, uniq_blork_the_orc
D:6:      kennysheep_slugbush, old_standard_altar,
          minmay_temple_entry_overgrown, basic_altar, sword_in_stone
D:7:      basic_altar, grunt_livestock, uniq_joseph
D:8:      cheibriados_altar_1, david_lair_shrubbed, enter_ossuary_2, uniq_erica
D:9:      marbit_many_paths, kennysheep_mini
D:10:     david_orc_5, serial_shops, shop, lemuel_old_faithful
D:11:     serial_shops, shop, special_room, uniq_grum
D:12:     uniq_nergalle, uniq_harold
D:13:     lab_entry_generic, serial_shops,
          nicolae_shop_temple_entry_statues_fountains, uniq_azrael
D:14:     lightli_vaults_fourway_checkpoint, nicolae_sextant,
          kennysheep_windowed_goal
Lair:1:   serial_bayou_shore_a, grunt_megastairs_1, lemuel_fruit_tree,
          lemuel_fruit_fields
Lair:2:   minmay_shoals_entry_centaurs
Lair:3:   minmay_snake_entry_guardpost_small, beast_lair_carwin_6,
          infiniplex_staircase_pool_2
Lair:4:   basic_altar, cheibrodos_lair_lostbears
Lair:6:   wormcave, guppyfry_lair_end_dragon, slime_altar_1,
          serial_bayou_pond_d, tgw_fedhas
Orc:1:    minmay_orc_treasury, uniq_fannar
Orc:2:    pubby_orc_utopia
Lab:      labyrinth_mini_lab, nicolae_lab_garden, labyrinth_glass_1,
          nicolae_lab_grate_2
Sewer:    kennysheep_door_sewer
Ossuary:  ossuary_tomb_3

Skill      XL: |  1  2  3  4  5  6  7  8  9 10 11 12 13 |
---------------+----------------------------------------+-----
Spellcasting   | 2 3 7 |  7.2
Necromancy     | 4 5 6 7 9 10 | 10.0
Dodging        | 4 7 8 |  8.0
Fighting       | 4 6 8 |  8.0
Conjurations   | 3 6 9 11 | 11.1
Evocations     | 3 8 10 | 10.1
Armour         | 2 5 6 |  6.0
Stealth        | |  1.7

Action                   |  1- 3 |  4- 6 |  7- 9 | 10-12 | 13-15 || total
-------------------------+-------+-------+-------+-------+-------++-------
Melee: Whip              |    13 |   103 |       |       |       ||   116
       Unarmed           |     1 |       |       |       |       ||     1
       Hand axe          |       |    39 |   324 |   898 |    42 ||  1303
       Glaive            |       |       |       |    36 |    27 ||    63
       Staff             |       |       |       |       |    68 ||    68
 Cast: Pain              |    45 |       |       |     2 |    20 ||    67
       Vampiric Draining |     8 |    19 |    29 |   191 |   191 ||   438
       Regeneration      |       |     6 |    12 |    68 |     9 ||    95
       Animate Dead      |       |     1 |     5 |    13 |     4 ||    23
       Iskenderun's Myst |       |       |       |    20 |    63 ||    83
Evoke: Wand              |       |       |    17 |    36 |       ||    53
       Staff of energy   |       |       |       |   115 |   261 ||   376
  Use: Potion            |     3 |       |     2 |       |       ||     5
       Scroll            |     7 |       |    13 |    15 |     6 ||    41
 Stab: Sleeping          |     1 |     5 |       |     9 |     2 ||    17
       Paralysed         |       |       |     4 |    24 |       ||    28
       Distracted        |       |       |       |     2 |       ||     2
  Eat: Ration            |     1 |       |     1 |     4 |       ||     6
       Chunk             |       |     4 |     9 |    41 |    23 ||    77
Armor: Robe              |    11 |    42 |    87 |   372 |   176 ||   688
       Skin              |     1 |       |    86 |       |       ||    87
Dodge: Dodged            |    22 |   120 |   264 |  1198 |   647 ||  2251

Table legend:
 A = Spawn XP
 B = Non-spawn XP
 C = Spawn XP percentage of total XP
 D = Spawn monster count
 E = Non-spawn monster count
 F = Spawn count percentage of total count
 G = Total turns spent on level
                    A         B        C        D         E        F      G
               +---------+---------+-------+---------+---------+-------+---------
         Total |       0 |   68094 |   0.0 |       0 |     557 |   0.0 | 12965
               +---------+---------+-------+---------+---------+-------+---------
           D:1 |       0 |      32 |   0.0 |       0 |      19 |   0.0 |   500
           D:2 |       0 |      73 |   0.0 |       0 |      24 |   0.0 |   422
           D:3 |       0 |      84 |   0.0 |       0 |      24 |   0.0 |   500
           D:4 |       0 |     674 |   0.0 |       0 |      18 |   0.0 |   387
           D:5 |       0 |     274 |   0.0 |       0 |       8 |   0.0 |   443
           D:6 |       0 |     453 |   0.0 |       0 |      17 |   0.0 |   429
           D:7 |       0 |    1819 |   0.0 |       0 |      15 |   0.0 |   484
           D:8 |       0 |    3505 |   0.0 |       0 |      40 |   0.0 |   556
           D:9 |       0 |    1277 |   0.0 |       0 |      14 |   0.0 |   450
          D:10 |       0 |    2595 |   0.0 |       0 |      43 |   0.0 |   871
          D:11 |       0 |    4030 |   0.0 |       0 |      38 |   0.0 |   721
          D:12 |       0 |    4593 |   0.0 |       0 |      21 |   0.0 |   723
          D:13 |       0 |    2538 |   0.0 |       0 |      14 |   0.0 |   240
          D:14 |       0 |    1079 |   0.0 |       0 |       6 |   0.0 |   225
        Lair:1 |       0 |    1921 |   0.0 |       0 |       8 |   0.0 |   280
        Lair:2 |       0 |    1367 |   0.0 |       0 |       9 |   0.0 |   246
        Lair:3 |       0 |    5301 |   0.0 |       0 |      28 |   0.0 |   571
        Lair:4 |       0 |    3654 |   0.0 |       0 |      14 |   0.0 |   559
        Lair:5 |       0 |    2046 |   0.0 |       0 |       9 |   0.0 |   393
        Lair:6 |       0 |   10591 |   0.0 |       0 |      39 |   0.0 |   835
         Orc:1 |       0 |    1708 |   0.0 |       0 |       7 |   0.0 |   185
         Orc:2 |       0 |   16209 |   0.0 |       0 |     117 |   0.0 |  1992
           Lab |       0 |    1928 |   0.0 |       0 |       3 |   0.0 |   418
         Sewer |       0 |     141 |   0.0 |       0 |       6 |   0.0 |   285
       Ossuary |       0 |     202 |   0.0 |       0 |      16 |   0.0 |   250
               +---------+---------+-------+---------+---------+-------+---------
